 Dungeon Sprint DCSS version 0.30-a0-953-g5f1da4a474 (webtiles) character file.

Game seed: 12591961683842135083

1936 dialectric the Imperceptible (level 9, 0/64 HPs)
             Began as an Octopode Brigand on Mar 28, 2023.
             Was an Initiate of Trog.
             Succumbed to a water moccasin's poison
             ... in the Dungeon (Sprint II: "The Violet Keep of Menkaure").
             The game lasted 00:01:23 (136 turns).

dialectric the Imperceptible (Octopode Brigand)      Turns: 136, Time: 00:01:23

Health: 0/64       AC:  1    Str: 10    XL:     9   Next: 17%
Magic:  9/9        EV: 15    Int: 14    God:    Trog [......]
Gold:   972        SH:  0    Dex: 17    Spells: 8/8 levels left

rFire   . . .      SeeInvis .    a - +2 dagger
rCold   . . .      Faith    .    (no shield)
rNeg    . . .      Spirit   .    (helmet restricted)
rPois   .          Reflect  .    (no amulet)
rElec   .          Rampage  .    (no ring)
rCorr   .          NoTele   +    (no ring)
Will    .....                    (no ring)
Stlth   ++++++++++               (no ring)
HPRegen 0.30/turn                (no ring)
MPRegen 0.11/turn                (no ring)
                                 (no ring)
                                 (no ring)

@: lethally poisoned (0 -> -2)
A: almost no armour, amphibious, 8 rings, camouflage 1, gelatinous body 1,
(nimble swimmer 1), tentacles
a: Renounce Religion


You were in the Dungeon.
You worshipped Trog.
Trog was noncommittal.
You visited 1 branch You collected 972 gold pieces.

Inventory:

Hand Weapons
 a - a +2 dagger (weapon)
Missiles
 b - 9 poisoned darts
 c - a curare-tipped dart (quivered)
Scrolls
 i - a scroll of blinking
Potions
 f - a potion of haste
 g - 2 potions of magic


   Skills:
 + Level 7.0 Fighting
 + Level 7.3 Short Blades
 - Level 2.3 Throwing
 + Level 4.0 Dodging
 + Level 23.4 Stealth


You had 8 spell levels left.
You didn't know any spells.
Your spell library was empty.

Dungeon Overview and Level Annotations

Branches:
Dungeon (1/1)

Altars:
Cheibriados
Dithmenos
Elyvilon
Fedhas
Gozag
Hepliaklqana
Kikubaaqudgha
Makhleb
Nemelex Xobeh
Okawaru
Qazlal
Ru
Sif Muna
Trog
Uskayaw
Vehumet
Wu Jian
Xom
Yredelemnul
Zin
The Shining One
Jiyva
Lugonu

Shops:
D =:


Innate Abilities, Weirdness & Mutations

You cannot wear most types of armour.
You are amphibious.
You can wear up to eight rings at the same time.
Your skin changes colour to match your surroundings (Stealth+).
Your rubbery body absorbs attacks. (AC +1, EV +1)
((You are camouflaged when in or above water. (Stealth+)))
You have tentacles for arms and can constrict up to eight enemies at once.


Message History

You constrict the water moccasin.
You kill the water moccasin!
* * * LOW HITPOINT WARNING * * *
You feel very sick.
Your Fighting skill increases to level 7!
Your Dodging skill increases to level 4!
Okay, then.
You enter the shallow water.
Found a shadowy altar of Dithmenos and a viscous altar of Jiyva.
* * * LOW HITPOINT WARNING * * *
You feel very sick.
You see here a water moccasin corpse.
Found a snail-covered altar of Cheibriados.
* * * LOW HITPOINT WARNING * * *
You feel very sick.
You open the door.
* * * LOW HITPOINT WARNING * * *
You feel very sick.
Unknown command.
Found four items.
Found four altars.
* * * LOW HITPOINT WARNING * * *
You feel sick.
There is an open door here.
Found six items.
Found three altars.
* * * LOW HITPOINT WARNING * * *
You feel sick.
Found 17 gold pieces, a lumpy amethyst potion and a potion of haste.
* * * LOW HITPOINT WARNING * * *
You feel sick.
Found 28 gold pieces.
* * * LOW HITPOINT WARNING * * *
You feel sick.
* * * LOW HITPOINT WARNING * * *
You feel sick.
* * * LOW HITPOINT WARNING * * *
You feel sick.
There is a bloodstained altar of Trog here.
You curl up in front of the altar of Trog.
Trog welcomes you!
You die...

.'##.'..### ..### ▓()?!$$
##†..#....###...##▓▓▓▓▓▓▓
###.##.§§...†~~~~~~~~~~~~
.####~~.....~#'########+#
..#~~~~~~~§.~#_._.....#~~
.##~~§~§~~~.~#._._....#~~
##~~~§≈§~~~~~#_._._...#~~
~~~~§§≈≈≈§§~~#._._._..#~~
+++#~§§≈≈≈§≈~#_.@._._.#~~
#≈≈§###≈≈#._._._._#~S
#≈≈#.._._._.#~~
#≈≈#._._._..#~≈
≈≈≈≈##########~§
#####~~~~~~~~~≈§
≈≈###~########§ ≈≈≈##~


There were no monsters in sight!

Vanquished Creatures
  2 boulder beetles (D)
  A merfolk siren (D)
  2 water moccasins (D)
  4 necrophages (D)
  3 worms (D)
12 creatures vanquished.

Vanquished Creatures (others)
  Menkaure (D)
1 creature vanquished.

Grand Total: 13 creatures vanquished

Notes
Turn   | Place    | Note
-------+----------+-------------------------------------------
     0 | D        | dialectric the Octopode Brigand began the quest for the
                  | Orb.
     0 | D        | Reached XP level 1. HP: 14/14 MP: 1/1
     5 | D        | Reached skill level 6 in Stealth
     8 | D        | Reached skill level 7 in Stealth
     8 | D        | Reached XP level 2. HP: 19/19 MP: 2/2
    23 | D        | Noticed a boulder beetle
    23 | D        | Noticed a boulder beetle
    30 | D        | Noticed an electric eel
    30 | D        | Noticed an electric eel
    30 | D        | Noticed an electric eel
    30 | D        | Noticed an electric eel
    30 | D        | Noticed an electric eel
    31 | D        | Noticed an electric eel
    39 | D        | Killed a boulder beetle
    40 | D        | Reached skill level 5 in Fighting
    40 | D        | Reached skill level 5 in Short Blades
    40 | D        | Reached skill level 18 in Stealth
    40 | D        | Reached XP level 3. HP: 21/29 MP: 3/3
    40 | D        | Reached XP level 4. HP: 25/35 MP: 4/4
    40 | D        | Reached XP level 5. HP: 28/39 MP: 5/5
    40 | D        | Reached XP level 6. HP: 33/45 MP: 6/6
    40 | D        | Reached XP level 7. HP: 36/50 MP: 7/7
    44 | D        | Found Morel's Jewellery Shoppe.
    44 | D        | Found Furuteno's Book Emporium.
    46 | D        | Reached skill level 19 in Stealth
    60 | D        | Killed a boulder beetle
    61 | D        | Reached skill level 21 in Stealth
    61 | D        | Reached XP level 8. HP: 20/58 MP: 8/8
    74 | D        | Reached skill level 22 in Stealth
    89 | D        | Killed Menkaure
   101 | D        | Noticed a merfolk siren
   104 | D        | Killed a merfolk siren
   105 | D        | Reached skill level 23 in Stealth
   105 | D        | Reached XP level 9. HP: 31/63 MP: 9/9
   117 | D        | Found an iron altar of Okawaru.
   117 | D        | Found a radiant altar of Vehumet.
   117 | D        | Found a glowing silver altar of Zin.
   118 | D        | Found a sparkling altar of Nemelex Xobeh.
   118 | D        | Found a hide-covered altar of Uskayaw.
   119 | D        | Found an opulent altar of Gozag.
   119 | D        | Found a burning altar of Makhleb.
   119 | D        | Found a bloodstained altar of Trog.
   120 | D        | Found a blossoming altar of Fedhas.
   120 | D        | Found a corrupted altar of Lugonu.
   120 | D        | Found a basalt altar of Yredelemnul.
   120 | D        | Found a shimmering blue altar of Sif Muna.
   121 | D        | Found a white marble altar of Elyvilon.
   121 | D        | Found an ancient bone altar of Kikubaaqudgha.
   127 | D        | Found a shadowy altar of Dithmenos.
   127 | D        | Found a viscous altar of Jiyva.
   128 | D        | Found a snail-covered altar of Cheibriados.
   130 | D        | Found a shimmering altar of Xom.
   130 | D        | Found a sacrificial altar of Ru.
   130 | D        | Found a hazy altar of Hepliaklqana.
   131 | D        | Found a glowing golden altar of the Shining One.
   131 | D        | Found an ornate altar of the Wu Jian Council.
   131 | D        | Found a stormy altar of Qazlal.
   132 | D        | HP: 3/64 [poisoned by a water moccasin]
   134 | D        | HP: 1/64 [poisoned by a water moccasin]
   136 | D        | Became a worshipper of Trog the Wrathful
   136 | D        | Succumbed to a water moccasin's poison

Illustrated notes

Levels and vault maps discovered:
D:        the_violet_keep_of_menkaure [sprint2_stairs_cluster_1,
          sprint2_shoproom, sprint2_temple, sprint2_basic_supplies,
          sprint2_obstacle_6, sprint2_obstacle_3, sprint2_obstacle_7,
          sprint2_obstacle_1, sprint2_obstacle_2, sprint2_timed_cluster_1,
          sprint2_smallroom_cluster_1, sprint2_smallroom_final_cluster_1,
          sprint2_transparent_cluster_1, sprint2_second_timed_cluster_1,
          sprint2_sniper_area_1, sprint2_heavy_combat_area_1,
          sprint2_mutation_trap_area_1, sprint2_forest_area_1,
          sprint2_light_combat_area_1, sprint2_behind_water_1,
          sprint2_near_end_vault_1]

Skill      XL: |  1  2  3  4  5  6  7  8  9 |
---------------+----------------------------+-----
Stealth        | 7 18 21 23 | 23.4
Fighting       | 5 6 7 |  7.0
Short Blades   | 5 6 7 |  7.3
Dodging        | 3 4 |  4.0
Throwing       | |  2.3

Action                     |  1- 3 |  4- 6 |  7- 9 || total
---------------------------+-------+-------+-------++-------
  Melee: Dagger            |     9 |       |    19 ||    28
         Tentacles         |     6 |       |     6 ||    12
         Constrict         |     2 |       |     5 ||     7
         Punch             |       |       |     1 ||     1
  Throw: Dart              |     4 |       |     6 ||    10
    Use: Potion            |       |       |     3 ||     3
   Stab: Sleeping          |     3 |       |     2 ||     5
 Armour: Skin              |     1 |       |     1 ||     2
  Dodge: Dodged            |     4 |       |     5 ||     9

Table legend: (Time is in decaauts)
 A = Elapsed time spent in this place.
 B = Non-inter-level travel time spent in this place.
 C = Inter-level travel time spent in this place.
 D = Time resting spent in this place.
 E = Time spent auto-exploring this place.
 F = Levels seen in this place.
 G = Mean time per level.
                   A        B        C        D        E       F      G
               +--------+--------+--------+--------+--------+-----+--------+
         Total |    132 |    132 |      0 |     16 |      0 |   1 |  132.0 |
       Dungeon |    132 |    132 |      0 |     16 |      0 |   1 |  132.0 |
               +--------+--------+--------+--------+--------+-----+--------+

Top non-repeatable levels by time:
       D: 132 daAuts
